[Event "Croatian 1A League 2022"]
[Site "Porec"]
[Date "2022.09.30"]
[Round "7.23"]
[White "Kovacevic, Blazimir"]
[Black "Krstic, Uros"]
[Result "1/2-1/2"]
[ECO "A26"]
[WhiteElo "2405"]
[BlackElo "2323"]
[Annotator "TA"]
[PlyCount "24"]
[EventDate "2022.09.24"]
[EventType "team-tourn"]
[EventCountry "CRO"]
[SourceTitle "playchess.com"]
[Source "ChessBase"]
[SourceQuality "1"]
[TimeControl "40/5400+30:1800+30"]

1. c4 Nf6 2. Nc3 e5 3. g3 Nc6 4. Bg2 g6 5. d3 d6 6. e4 Bg7 7. Nge2 O-O 8. O-O Nd7 9. Be3 {[%emt 0:00:33] 9.f4 is more fashionable.} Nc5 {[%emt 0:00:13] A26: English Opening vs King's Indian with ...Nc6 and d3.} 10. Qd2 Re8 {[%emt 0:00:23] [#]} (10... Nd4 $1 $11) 11. Rab1 $146 (11. f4 $16) ({Predecessor:} 11. Rae1 Ne6 12. f4 Ned4 13. Nd5 exf4 14. Ndxf4 Be6 15. b3 a5 16. Nxd4 Nxd4 17. Nd5 Bxd5 18. cxd5 {½-½ (34) Skjolas,E (1709)-Vesterli,M (2141) Helsingor 2016}) 11... a5 12. h3 (12. d4 $14 exd4 13. Nxd4) 12... Nd4 {[%emt 0:00:42] Weighted Error Value: White=0.35/Black=0.44} 1/2-1/2

[Event "Croatian 1A League 2022"]
[Site "Porec"]
[Date "2022.09.30"]
[Round "7.25"]
[White "Motylev, Alexander"]
[Black "Donchenko, Alexander"]
[Result "1/2-1/2"]
[ECO "C88"]
[WhiteElo "2635"]
[BlackElo "2639"]
[Annotator "TA"]
[PlyCount "42"]
[EventDate "2022.09.24"]
[EventType "team-tourn"]
[EventCountry "CRO"]
[SourceTitle "playchess.com"]
[Source "ChessBase"]
[SourceQuality "1"]
[TimeControl "40/5400+30:1800+30"]

1. e4 e5 2. Nf3 Nc6 3. Bb5 a6 4. Ba4 Nf6 5. O-O Be7 6. Re1 b5 7. Bb3 O-O 8. a4 b4 9. d4 d6 10. dxe5 Nxe5 11. Nxe5 dxe5 12. Bg5 {[%emt 0:01:10] The position is equal.} Qxd1 {[%emt 0:07:47] C88: Closed Ruy Lopez: Anti-Marshall Systems.} 13. Rxd1 Bb7 14. Nd2 Bc5 15. Bxf6 {[%emt 0:01:11] [#] A balanced but interesting game.  Weighted Error Value: White=0.09 (flawless) /Black=0.06 (flawless)} {Predecessor:} gxf6 $146 16. Bd5 Bxd5 17. exd5 f5 18. Nb3 Bd6 19. Na5 Kg7 20. c4 Kf6 21. Rac1 e4 {½-½ (40) Weinstein,N (2475)-Commons,K (2485) Pasadena 1978} 1/2-1/2

[Event "Croatian 1A League 2022"]
[Site "Porec"]
[Date "2022.09.30"]
[Round "7.26"]
[White "Livaic, Leon"]
[Black "Postny, Evgeny"]
[Result "1/2-1/2"]
[ECO "E06"]
[WhiteElo "2565"]
[BlackElo "2573"]
[Annotator "TA"]
[PlyCount "145"]
[EventDate "2022.09.24"]
[EventType "team-tourn"]
[EventCountry "CRO"]
[SourceTitle "playchess.com"]
[Source "ChessBase"]
[SourceQuality "1"]
[TimeControl "40/5400+30:1800+30"]

1. d4 d5 2. c4 e6 3. Nf3 Nf6 4. Nc3 Be7 5. g3 O-O 6. Bg2 dxc4 7. Ne5 c5 8. dxc5 Qxd1+ 9. Nxd1 Bxc5 10. O-O Nc6 {[%emt 0:03:29] E06: Closed Catalan: Early deviations.} 11. Bxc6 bxc6 12. Be3 Bb6 13. Bxb6 axb6 14. Nc3 Nd5 15. a4 {[%emt 0:00:35] [#]} Nxc3 $146 ({Predecessor:} 15... f6 16. Nxc4 Rb8 17. Rfc1 Ba6 18. Ne4 Rfc8 19. Kf1 c5 20. b3 Rc6 21. Ke1 Bxc4 22. Rxc4 {½-½ (43) Le,Q (2709)-Nakamura,H (2736) chess24.com INT 2021}) 16. bxc3 b5 17. axb5 Rxa1 18. Rxa1 cxb5 $11 {[%emt 0:00:08][%mdl 4096] Endgame KRB-KRN} 19. Ra7 f6 20. Nc6 Re8 21. Rc7 {[%emt 0:36:46] [#] aiming for Ne7+.} Kf8 {[%emt 0:01:05] Against Ne7} 22. Na7 Ba6 23. Rc6 Bb7 24. Rb6 Bd5 {[%emt 0:31:25] [#] Threatens to win with ...Ra8.} 25. Nxb5 Rd8 26. f3 {[%emt 0:01:36] Threatening e4.} e5 27. Kf2 Ke7 28. g4 Rd7 29. Na3 Ra7 30. Nc2 Be6 31. Ke3 Rd7 32. Nb4 Rd6 33. Rb8 Kf7 34. h4 h6 35. Rb7+ Rd7 36. Rb6 Ke7 37. h5 Rd6 38. Rb8 Bf7 39. Ra8 Be6 40. Ra5 Rd7 41. Nc6+ Kf7 $1 42. Ra8 Bd5 43. Rc8 g6 $1 44. hxg6+ Kxg6 45. Na5 h5 46. gxh5+ Kxh5 47. Nxc4 Bb7 48. Rc5 Kg6 49. Nb2 Bd5 50. Nd3 Kf7 51. Nb4 Be6 52. Ke4 Rd2 53. Rc7+ Kg6 54. Ke3 Rb2 55. Nd3 Rc2 56. Nb4 Rb2 57. Rc6 Kf7 58. Nd3 Rc2 59. Nf2 (59. f4 $16) 59... Bf5 60. c4 Ke7 {[%emt 0:01:31] The position is equal.} 61. Ne4 Bxe4 62. fxe4 {[%emt 0:00:04] KR-KR} Rc3+ 63. Kd2 Ra3 64. c5 Ra4 65. Ke3 Ra3+ 66. Kf2 Rc3 67. e3 Kd7 68. Rd6+ Kc7 69. Rxf6 Rxc5 70. Kf3 Kd7 71. Kg4 Rc3 72. Rf3 Ke6 73. Kg5 {[%emt 0:00:16] Weighted Error Value: White=0.06 (flawless) /Black=0.04 (flawless)} 1/2-1/2

[Event "Croatian 1A League 2022"]
[Site "Porec"]
[Date "2022.09.30"]
[Round "7.27"]
[White "Bosiocic, Marin"]
[Black "Christiansen, Johan-Sebastian"]
[Result "0-1"]
[ECO "A07"]
[WhiteElo "2548"]
[BlackElo "2583"]
[Annotator "TA"]
[PlyCount "80"]
[EventDate "2022.09.24"]
[EventType "team-tourn"]
[EventCountry "CRO"]
[SourceTitle "playchess.com"]
[Source "ChessBase"]
[SourceQuality "1"]
[TimeControl "40/5400+30:1800+30"]

1. Nf3 d5 2. g3 Nf6 3. Bg2 c6 4. O-O Bf5 5. d3 e6 6. Nh4 Bg4 {[%emt 0:00:33] A07: Réti Opening: New York and Capablanca Systems.} 7. h3 Bh5 8. f4 Be7 {[%emt 0:07:46] The position is equal.} 9. g4 Nfd7 10. Nf3 Bg6 11. Nc3 {[%emt 0:01:02] [#]} Qb6+ $146 ({Predecessor:} 11... O-O 12. Kh1 Nc5 13. Qe1 Nbd7 14. b4 Na6 15. a3 f5 16. e3 Nc7 17. Ne2 Qe8 {0-1 (48) Conde Poderoso,A (2352)-Armani,G (2311) ICCF email 2020}) 12. Kh2 d4 (12... Na6 $11) 13. Na4 $1 $14 Qa5 14. b3 h5 {[%emt 0:09:37] Hoping for ...hxg4.} 15. g5 Qc7 16. Kh1 c5 $1 17. c3 b5 {[%emt 0:06:08] [#]} (17... Nc6 $14) 18. cxd4 (18. Nxc5 $1 $16 Nxc5 19. Nxd4) 18... bxa4 $11 19. Nh4 Nc6 20. Nxg6 (20. dxc5 $11 Rd8 21. Nxg6 fxg6 22. Be3) 20... fxg6 $15 21. dxc5 O-O (21... Nxc5 22. b4 $16) (21... Bxc5 $15 22. b4 Bxb4 23. Qxa4 Rc8) 22. Be3 (22. d4 $14) 22... e5 $11 ({Don't do} 22... Nxc5 23. Rc1 axb3 24. axb3 $14 (24. Bxc5 b2 $15)) (22... Bxc5 23. Bxc5 Nxc5 24. Rc1 $14) 23. Qc1 Kh7 24. Qc4 Rae8 (24... Rac8 $15) 25. b4 {[%emt 0:01:46] [#]} (25. Be4 $1 $11 {keeps the balance.} exf4 26. Bxf4) 25... Bd8 $1 $17 26. Be4 {[%emt 0:09:07] Now White is beyond hope.} (26. Qe4 $17 Ne7 27. fxe5) 26... exf4 $19 27. Bxf4 Nde5 ({Inferior is} 27... Rxf4 28. Bxg6+ Kxg6 29. Rxf4 $17) 28. Qc3 {[%emt 0:06:58] [#]} Rxf4 $1 29. Rxf4 Bxg5 30. Rf2 Be3 {[%emt 0:01:05] Prevents d4.} 31. Rg2 Bd4 32. Qe1 Bxa1 33. Qxa1 Qd7 {[%emt 0:10:33] Against d4} 34. b5 Nd4 35. c6 Qd6 36. e3 Nf5 ({Wrong is} 36... Nxb5 $2 37. Qd1 $19) 37. Qg1 $2 (37. Bxf5 gxf5 38. Qf1) 37... Nh4 {[%emt 0:00:01] Black is clearly winning.} 38. Rc2 Nef3 39. Qf1 Ng5 40. Qf4 Nxe4 {[%emt 0:00:00] Weighted Error Value: White=0.45/Black=0.16 (very precise)} 0-1

[Event "Croatian 1A League 2022"]
[Site "Porec"]
[Date "2022.09.30"]
[Round "7.28"]
[White "Martinovic, Sasa"]
[Black "Fucak, Emilio Milko"]
[Result "1-0"]
[ECO "E32"]
[WhiteElo "2546"]
[BlackElo "2187"]
[Annotator "TA"]
[PlyCount "67"]
[EventDate "2022.09.24"]
[EventType "team-tourn"]
[EventCountry "CRO"]
[SourceTitle "playchess.com"]
[Source "ChessBase"]
[SourceQuality "1"]
[TimeControl "40/5400+30:1800+30"]

1. d4 Nf6 2. c4 e6 3. Nc3 Bb4 4. Qc2 O-O 5. Nf3 d6 6. Bd2 Nbd7 7. a3 Bxc3 8. Bxc3 Qe7 9. e4 {[%emt 0:09:52] E32: Nimzo-Indian: Classical (4 Qc2): 4...0-0.} e5 10. d5 a5 11. b4 {[%emt 0:05:48] The position is equal.} axb4 12. axb4 Rxa1+ 13. Bxa1 c5 14. Bc3 cxb4 15. Bxb4 {[%emt 0:00:04] [#]} Nc5 $146 (15... b6 $11) ({Predecessor:} 15... b6 16. Nd2 Nc5 17. Be2 Ne8 18. O-O f5 19. exf5 Bxf5 20. Qc3 Nf6 21. Qe3 Qd7 {½-½ (37) Graf,A (2420)-Savon,V (2445) Pinsk 1986}) 16. Bxc5 $14 dxc5 17. Bd3 Ne8 18. Qb2 f6 19. O-O Qc7 20. Rb1 {[%emt 0:00:29] White is more active.} Rf7 21. Nd2 Rd7 22. Qa3 Rd6 {[%emt 0:04:26] [#]} 23. Nb3 $1 Rb6 24. h3 h6 25. Kh2 Nd6 (25... Kf7 $16 26. Nxc5 Rxb1 27. Bxb1 Nd6) 26. Qa5 $18 {[%emt 0:01:42][%cal Ob3d4] Hoping for Nd4!} (26. Qxc5 Qxc5 27. Nxc5 Rxb1 28. Bxb1 Nxc4 $11) 26... f5 (26... Ne8 $142 27. Qxc5 (27. Nxc5 Rxb1 28. Qxc7 Nxc7 $16) 27... Qxc5 28. Nxc5 Rxb1 29. Bxb1 Nd6) 27. f3 ({Don't do} 27. Nxc5 Rc6 28. Nb3 (28. dxc6 $2 Qxa5 29. cxb7 Nxb7 $19) 28... Qxa5 29. Nxa5 Rc5 $18) (27. Qxc5 Qxc5 28. Nxc5 Rxb1 29. Bxb1 fxe4 $11) 27... fxe4 28. fxe4 Bxh3 $2 (28... Ne8 29. Nxc5 Rxb1 30. Qxc7 Nxc7) 29. gxh3 Qd8 30. Nd2 Nf7 31. Qxb6 {[%emt 0:02:11] [#] Threatening mate with Qe6.} Qh4 32. Rf1 {[%emt 0:03:24] White mates.} Ng5 33. Qd8+ Kh7 34. Qc8 {[%emt 0:00:24] Weighted Error Value: White=0.04 (flawless) /Black=0.61} 1-0

[Event "Croatian 1A League 2022"]
[Site "Porec"]
[Date "2022.09.30"]
[Round "7.29"]
[White "Medancic, Rikard"]
[Black "Kurajica, Bojan"]
[Result "0-1"]
[ECO "E21"]
[WhiteElo "2120"]
[BlackElo "2488"]
[Annotator "TA"]
[PlyCount "46"]
[EventDate "2022.09.24"]
[EventType "team-tourn"]
[EventCountry "CRO"]
[SourceTitle "playchess.com"]
[Source "ChessBase"]
[SourceQuality "1"]
[TimeControl "40/5400+30:1800+30"]

1. d4 Nf6 2. c4 e6 3. Nc3 Bb4 4. Nf3 Bxc3+ 5. bxc3 d6 6. Bg5 {[%emt 0:00:40] E21: Nimzo-Indian: 4 Nf3.} Nbd7 7. e3 b6 8. Be2 {[%emt 0:00:42] The position is equal.} h6 9. Bh4 g5 10. Bg3 Bb7 (10... Ne4 $5 ) 11. O-O {[%emt 0:07:15] [#]} h5 $146 {[%emt 0:02:41][%mdl 2048] [#] Hoping for ...h4. White is under pressure.} ({Predecessor:} 11... Ne4 12. Rc1 Ndf6 13. Ne1 h5 14. f3 Nxg3 15. hxg3 h4 16. g4 h3 17. Rf2 Ke7 {0-1 (25) Bogo,S (2238)-Hansen,S (2589) Lund 2018}) 12. h4 (12. Nxg5 {with more complications.} h4 13. Bf4 e5 14. Bf3) 12... Ne4 13. Nxg5 Nxg5 14. hxg5 h4 (14... Qxg5 $15 15. Bf3 Bxf3 16. Qxf3 Ke7) 15. Bh2 (15. Bf4 $14 {was the only good move.}) 15... Qxg5 $17 {[%emt 0:00:18][%csl Gb7][%cal Rg5g2] [#]} ({Much weaker is} 15... h3 $6 16. Bf3 hxg2 17. Re1 Qxg5 18. Bxb7 $11) 16. Bf3 Bxf3 {[%emt 0:01:13] Black is more active.} 17. Qxf3 Ke7 18. Qh3 (18. a4 $142) 18... Nf6 19. Rfe1 (19. Bf4 $142 Qh5 20. f3) 19... Ne4 20. Rac1 (20. a4 $142) 20... Rag8 $19 21. f3 Ng3 22. Rb1 $2 (22. d5) 22... Qa5 23. c5 bxc5 {[%emt 0:01:56] Weighted Error Value: White=0.61/Black=0.07 (flawless)} 0-1

[Event "Croatian 1A League 2022"]
[Site "Porec"]
[Date "2022.09.30"]
[Round "7.30"]
[White "Cvitan, Ognjen"]
[Black "Mihalic, Goran"]
[Result "1-0"]
[ECO "D03"]
[WhiteElo "2445"]
[BlackElo "2023"]
[Annotator "TA"]
[PlyCount "123"]
[EventDate "2022.09.24"]
[EventType "team-tourn"]
[EventCountry "CRO"]
[SourceTitle "playchess.com"]
[Source "ChessBase"]
[SourceQuality "1"]
[TimeControl "40/5400+30:1800+30"]

1. d4 Nf6 2. Nf3 g6 3. Bg5 Bg7 4. Nbd2 d5 5. e3 O-O 6. Bd3 Nbd7 7. O-O Re8 8. c4 c6 9. b4 e5 10. cxd5 cxd5 11. Bb5 {[%emt 0:06:18] [#]} Qb6 $146 {[%emt 0:07:59] D03: 1 d4 d5 2 Nf3 Nf6 3 Bg5, including Torre Attack with early ...d5.} ({Predecessor:} 11... exd4 12. Nxd4 a6 13. Bxd7 Bxd7 14. Qb3 Qb6 15. Bxf6 Bxf6 16. Qxd5 Bb5 17. Nxb5 Rad8 18. Qc5 Qxc5 19. bxc5 axb5 20. Rad1 Ra8 21. Rb1 Rxa2 22. Nf3 {½-½ (22) Sasikiran,K (2535)-Visweswaran,K (2272) Sangli 1999}) 12. Qa4 {[%emt 0:02:21] Hoping for Bxf6.} a6 13. Bxf6 Qxb5 {[%emt 0:00:20] The position is equal.} 14. Qxb5 axb5 15. Bxg7 Kxg7 (15... e4 {with more complications.} 16. Bh6 exf3 17. gxf3 Nb6) 16. dxe5 Nxe5 17. Nxe5 Rxe5 18. Nf3 Re6 19. Rfd1 Rd6 20. h3 Be6 21. Nd4 Rda6 22. Rd2 Ra4 23. Rc1 Rxb4 24. Nxe6+ fxe6 $11 {[%emt 0:00:06][%mdl 4096] Endgame KRR-KRR} 25. Rc7+ Kf6 26. Rxh7 Rba4 (26... Rb1+ $11 {remains equal.} 27. Kh2 Ra1) 27. Rxb7 $16 {[%emt 0:00:44] White is more active.} Rxa2 28. Rxa2 Rxa2 29. Rxb5 {[%emt 0:00:02] KR-KR} Ra1+ 30. Kh2 Rd1 31. h4 d4 32. exd4 Rxd4 33. Kh3 Rd3+ 34. g3 Rc3 35. Kg4 Rd3 36. f4 Re3 37. h5 gxh5+ 38. Rxh5 Ra3 39. Rh6+ Kf7 40. Kh4 Ra4 41. Rh5 Kf6 42. Rg5 Rb4 43. Kh5 Ra4 44. Rg6+ Kf7 45. Kh6 ({Only move:} 45. Rg4 $1 $16) 45... Rb4 (45... Ra2 $11 {keeps the balance.}) 46. Rg7+ Kf6 47. g4 ({White should play} 47. Rg8 $16) 47... Rxf4 $11 48. g5+ Ke5 49. g6 {[%emt 0:00:05] aiming for Rf7.} Kd4 $2 {[%emt 0:00:58][%mdl 8192] Loses the game.} (49... Rh4+ $11 50. Kg5 Rh1) 50. Rd7+ $1 {[%emt 0:01:32] White mates.} Ke4 51. g7 Rg4 52. Rd8 e5 53. g8=Q Rxg8 54. Rxg8 {[%emt 0:00:06] KR-KP} Kf4 55. Rf8+ Kg3 56. Re8 $1 Kf4 57. Kh5 $1 e4 58. Kh4 $1 Kf3 {[%emt 0:04:11] [#]} 59. Kh3 $1 e3 {[%emt 0:00:46] [#]} 60. Rf8+ $1 Ke2 61. Kg2 Ke1 62. Re8 {[%emt 0:00:08] Weighted Error Value: White=0.11 (very precise) /Black=0.25 (precise)} 1-0

[Event "Croatian 1A League 2022"]
[Site "Porec"]
[Date "2022.10.01"]
[Round "8.1"]
[White "Saric, Ivan"]
[Black "Donchenko, Alexander"]
[Result "1/2-1/2"]
[ECO "C54"]
[WhiteElo "2668"]
[BlackElo "2639"]
[Annotator "TA"]
[PlyCount "53"]
[EventDate "2022.09.24"]
[EventType "team-tourn"]
[EventCountry "CRO"]
[SourceTitle "playchess.com"]
[Source "ChessBase"]
[SourceQuality "1"]
[TimeControl "40/5400+30:1800+30"]

1. e4 e5 2. Nf3 Nc6 3. Bc4 Nf6 4. d3 Bc5 5. O-O d6 6. c3 O-O 7. Re1 {[%emt 0:00:58] Nowadays more popular than 7.Bb3.} a5 {[%emt 0:00:18] C54: Giuoco Piano: 4 c3 Nf6, main lines with 5 d4 and 5 d3.} 8. h3 h6 9. d4 Ba7 10. Bb3 Re8 11. Bc2 b5 12. a4 b4 13. Be3 {[%emt 0:00:46] [#]} Rb8 $146 ({Predecessor:} 13... bxc3 14. Nxc3 exd4 15. Nxd4 Nb4 16. Rc1 Bb7 17. Nf5 Bxe3 18. Rxe3 Bc8 19. Nd4 c6 {0-1 (53) Goganov,A (2549)-Petrov,N (2561) Anapa 2022}) 14. Nbd2 Ba6 15. Rc1 Bb6 16. Bb1 Qd7 17. d5 Ne7 {[%emt 0:01:05] The position is equal.} 18. cxb4 {[%emt 0:00:46] [#] aiming for b5.} Bxe3 19. Rxe3 {[%emt 0:00:03][%cal Be1e3,Be3c3,Bc3c7][%mdl 32] Threatens to win with b5.} Rxb4 20. Rec3 Rc8 (20... Rxb2 {seems wilder.} 21. Rxc7 Qd8 22. Qe1 Qb8) 21. Qc2 Qxa4 22. Qxa4 Rxa4 23. Rxc7 Rb4 24. b3 a4 25. bxa4 Rxa4 26. Rxc8+ Nxc8 27. Bc2 {[%emt 0:00:28] An interesting draw.  Weighted Error Value: White=0.05 (flawless) /Black=0.05 (flawless)} 1/2-1/2

[Event "Croatian 1A League 2022"]
[Site "Porec"]
[Date "2022.10.01"]
[Round "8.2"]
[White "Livaic, Leon"]
[Black "Banusz, Tamas"]
[Result "1/2-1/2"]
[ECO "E06"]
[WhiteElo "2565"]
[BlackElo "2622"]
[Annotator "TA"]
[PlyCount "62"]
[EventDate "2022.09.24"]
[EventType "team-tourn"]
[EventCountry "CRO"]
[SourceTitle "playchess.com"]
[Source "ChessBase"]
[SourceQuality "1"]
[TimeControl "40/5400+30:1800+30"]

1. d4 Nf6 2. c4 e6 3. Nf3 d5 4. g3 Be7 5. Bg2 O-O 6. Nc3 c6 7. O-O a5 {[%emt 0:00:05][%cal Ba7a5,Ba5a4][%mdl 32] E06: Closed Catalan: Early deviations.} 8. Re1 Ne4 {[%emt 0:00:11] [#]} 9. e3 $146 ({Predecessor:} 9. Qc2 Nxc3 10. bxc3 Nd7 11. cxd5 cxd5 12. c4 dxc4 13. Qxc4 Nb6 14. Qd3 Nd5 15. a3 {½-½ (33) Aydin,A (1756)-Guliev,L (2333) Konya 2018}) 9... f5 10. Qc2 Nd7 11. Ne2 g5 {[%emt 0:07:09] Against Nf4} 12. b3 a4 13. Rb1 Bd6 14. Nd2 Ndf6 15. f3 Nxd2 16. Bxd2 axb3 17. axb3 g4 18. f4 Bd7 19. Ra1 Qe7 (19... Ne4 {is interesting.} 20. c5 Bc7 21. Reb1 Nxd2 22. Qxd2 Qf6) 20. Rxa8 Rxa8 21. c5 Bc7 22. Qb2 b6 23. Ra1 Qf8 24. Bb4 b5 25. Nc1 Qb8 26. Ra3 Qb7 27. Nd3 h5 28. Qa2 Rxa3 29. Qxa3 Kg7 30. Ba5 Qa8 31. Bb4 Qxa3 {[%emt 0:01:19] Weighted Error Value: White=0.07 (flawless) /Black=0.08 (flawless)} 1/2-1/2

[Event "Croatian 1A League 2022"]
[Site "Porec"]
[Date "2022.10.01"]
[Round "8.3"]
[White "Balogh, Csaba"]
[Black "Christiansen, Johan-Sebastian"]
[Result "1/2-1/2"]
[ECO "C45"]
[WhiteElo "2583"]
[BlackElo "2583"]
[Annotator "TA"]
[PlyCount "47"]
[EventDate "2022.09.24"]
[EventType "team-tourn"]
[EventCountry "CRO"]
[SourceTitle "playchess.com"]
[Source "ChessBase"]
[SourceQuality "1"]
[TimeControl "40/5400+30:1800+30"]

1. e4 e5 2. Nf3 Nc6 3. d4 exd4 4. Nxd4 Nf6 5. Nxc6 bxc6 6. Bd3 d5 7. exd5 cxd5 8. O-O Be7 9. c4 O-O $1 {[%emt 0:02:43] 9...0-0 is better than 9...d4.} 10. Nc3 {[%emt 0:00:44] C45: Scotch Game.} Bb7 11. Qb3 Rb8 {[%emt 0:06:01] Threatens to win with ...d4.} 12. cxd5 {[%emt 0:01:17] White has an edge.} Bxd5 13. Qc2 Ba8 14. Be3 Bd6 (14... Qd6 $5 ) 15. f3 {[%emt 0:08:53] [#] Inhibits Ng4.} c5 $146 ({Predecessor:} 15... a5 16. Rad1 h6 17. Rfe1 Re8 18. Bc4 Nd7 19. Qf5 Ne5 20. Bb3 Qd7 21. Qxd7 Nxd7 {0-1 (46) Gazik,V (2544)-Mamedyarov,S (2759) Chennai 2022}) 16. Rfe1 c4 17. Bf1 Qc7 18. h3 Be5 19. Rad1 Rfc8 20. Bd4 Bg3 (20... Bxd4+ $11 {keeps the balance.} 21. Rxd4 Bxf3) 21. Bf2 $16 Be5 {[%emt 0:01:17] [#]} 22. Bd4 {[%emt 0:02:25] White is more active.} ({Better is} 22. Bxc4 $1 $16 Bc6 (22... Re8 23. b3) 23. b3) 22... Bg3 $11 23. Bf2 (23. Re3 $11) 23... Be5 $1 $16 {[%emt 0:19:48] [#]} 24. Bd4 {[%emt 0:01:07] Weighted Error Value: White=0.16 (very precise) /Black=0.20 (precise)} (24. Bxc4 $1 $16 Bc6 (24... h6 25. b3) 25. Re2) 1/2-1/2

[Event "Croatian 1A League 2022"]
[Site "Porec"]
[Date "2022.10.01"]
[Round "8.4"]
[White "Martinovic, Sasa"]
[Black "Kuljasevic, Davorin"]
[Result "1/2-1/2"]
[ECO "E25"]
[WhiteElo "2546"]
[BlackElo "2560"]
[Annotator "TA"]
[PlyCount "62"]
[EventDate "2022.09.24"]
[EventType "team-tourn"]
[EventCountry "CRO"]
[SourceTitle "playchess.com"]
[Source "ChessBase"]
[SourceQuality "1"]
[TimeControl "40/5400+30:1800+30"]

1. d4 Nf6 2. c4 e6 3. Nc3 Bb4 4. f3 d5 5. a3 Bxc3+ 6. bxc3 c5 7. cxd5 Nxd5 8. dxc5 Qa5 9. e4 Ne7 10. Be3 O-O 11. Qb3 Qc7 12. Bb5 {[%emt 0:00:31] E25: Nimzo-Indian: Sämisch: 5...c5 6 f3 d5 7 cxd5.} Nec6 13. Ne2 Na5 14. Qb4 {[%emt 0:01:53] White has an edge.} e5 {[%emt 0:03:20] Inhibits Bf4.} 15. Nd4 exd4 16. cxd4 b6 17. Rc1 Qd8 18. O-O bxc5 {[%emt 0:10:26] The position is equal.} 19. Rxc5 {[%emt 0:00:35] And now Rfc1 would win.} Na6 {[%emt 0:01:02] [#]} 20. Rxc8 $146 ({Predecessor:} 20. Bxa6 Bxa6 21. Rfc1 Nc4 22. R1xc4 Rb8 23. Qc3 Bxc4 24. Rxc4 Rb1+ 25. Bc1 h6 26. h3 Qd6 27. d5 Rfb8 28. Kf2 R1b6 29. Rc8+ {½-½ (29) Jørgensen,B (2346)-Geana,D (2302) ICCF email 2019}) 20... Nxb4 {[%emt 0:00:54] Pair of Knights!} 21. Rxd8 Rfxd8 22. axb4 Rab8 23. Be2 Rxb4 24. d5 Nb7 25. Bxa7 f5 26. Bd3 Ra8 $1 {[%emt 0:01:37] [#] White must now prevent ...fxe4.} 27. Bf2 Ra3 $1 28. Bb1 Ra1 29. Bd3 Ra3 30. Bb1 Ra1 31. Bd3 Ra3 {[%emt 0:00:04] A balanced but interesting game.  Weighted Error Value: White=0.02 (flawless) /Black=0.01 (flawless)} 1/2-1/2